Map: Neon Violet Square LE

Players

uThermal

  • Race: Terran Terran
  • Spawn Location: 5:00

Neeb - Winner!

  • Race: Protoss Protoss
  • Spawn Location: 11:00

Event: WESG 2017 Haikou

VOD

Have the link to the VOD?

Description

Time

  • Played on: March 15, 2018, 7:02 a.m.
  • Length: 15:09

All games in this series

Show
View Real Time Build Order
Export as new Build Order

uThermal Terran 

Build Orders: MMM Bio 

Get SALT Encoding   

  12  0:01  SCV  
  13  0:13  SCV  
  14  0:17  Supply Depot  
  14  0:25  SCV  
  15  0:28  Refinery  
  15  0:39  SCV  
  16  0:45  Barracks  
  16  0:51  SCV  
  17  1:03  SCV  
  18  1:15  SCV  
  19  1:32  Marine  
  20  1:33  Orbital Command, Factory  
  20  1:38  Supply Depot  
  20  1:51  Barracks Reactor  
  20  2:00  SCV  
  21  2:09  Command Center  
  21  2:12  SCV  
  22  2:19  Supply Depot  
  22  2:24  SCV  
  23  2:32  Hellion x2  
  23  2:36  SCV  
  28  2:37  Refinery  
  28  2:48  SCV  
  29  2:53  Hellion  
  29  2:54  Hellion  
  33  3:00  SCV  
  33  3:03  Starport  
  34  3:12  SCV  
  35  3:16  Widow Mine x2  
  39  3:24  SCV  
  39  3:26  Orbital Command  
  40  3:36  SCV  
  40  3:39  Medivac  
  45  3:41  Widow Mine  
  45  3:43  Widow Mine  
  45  3:48  SCV, Barracks Tech Lab  
  47  3:52  SCV  
  49  4:01  SCV, Supply Depot  
  50  4:04  SCV  
  50  4:07  Marine  
  50  4:08  Stimpack  
  52  4:13  SCV  
  52  4:15  Factory Tech Lab, Barracks  
  52  4:16  SCV  
  54  4:25  SCV  
  54  4:28  SCV  
  53  4:35  Marine  
  53  4:37  SCV  
  48  4:40  SCV  
  48  4:42  Barracks  
  41  4:49  SCV  
  41  4:52  SCV  
  40  4:55  Marine  
  40  4:57  Viking  
  41  5:01  SCV, Factory Reactor  
  41  5:03  Marine x2  
  41  5:04  SCV, Bunker  
  45  5:13  SCV, Marine  
  47  5:16  SCV  
  46  5:21  Marine x2  
  46  5:23  Refinery  
  46  5:25  SCV  
  46  5:28  SCV, Starport Reactor  
  45  5:29  Marine  
  45  5:31  Marine  
  48  5:37  SCV  
  48  5:39  Marine  
  48  5:40  Widow Mine x2  
  48  5:41  SCV  
  55  5:45  Engineering Bay  
  55  5:46  Marine  
  55  5:47  Supply Depot  
  55  5:48  Marauder  
  55  5:49  SCV  
  59  5:51  Marine  
  59  5:53  SCV  
  61  6:02  SCV  
  62  6:05  Widow Mine  
  62  6:08  SCV, Supply Depot, Medivac  
  62  6:09  Refinery, Widow Mine, Medivac  
  69  6:13  Missile Turret  
  69  6:16  Missile Turret  
  69  6:20  SCV, Combat Shields  
  70  6:27  Supply Depot  
  70  6:30  SCV, Marine x2, Supply Depot  
  73  6:33  Widow Mine  
  73  6:35  SCV  
  73  6:37  Concussive Shells  
  73  6:38  Marine  
  77  6:42  SCV  
  78  6:48  Marine  
  78  6:49  Widow Mine  
  78  6:50  Marine x2  
  83  6:57  Marauder  
  85  7:06  Marine  
  85  7:07  Marine, Widow Mine  
  89  7:09  Command Center  
  89  7:10  Widow Mine  
  89  7:12  Medivac  
  89  7:13  Medivac  
  89  7:15  SCV  
  94  7:24  SCV, Marauder, Marine x2  
  98  7:30  Widow Mine  
  98  7:31  Widow Mine  
  102  7:43  Supply Depot  
  102  7:44  Terran Infantry Armor Level 1  
  102  7:47  Supply Depot, Liberator  
  102  7:52  Liberator  
  102  7:55  SCV, Marine  
  102  7:56  SCV, Marine  
  101  8:00  Marauder  
  109  8:07  SCV  
  109  8:08  Marauder  
  111  8:13  Marine  
  111  8:18  SCV  
  111  8:19  SCV  
  109  8:21  Marauder  
  109  8:23  Orbital Command  
  101  8:27  Marine  
  101  8:30  Marauder, SCV  
  101  8:31  SCV  
  100  8:40  Starport  
  100  8:41  Barracks x2  
  95  8:50  Viking  
  95  8:51  SCV  
  95  8:52  Viking  
  94  8:55  Marine  
  94  8:56  Marauder  
  94  8:57  SCV  
  94  8:58  SCV  
  99  9:03  Marine  
  99  9:04  Armory  
  99  9:07  SCV  
  99  9:09  SCV  
  102  9:15  SCV  
  102  9:16  Marauder, Marine  
  106  9:17  Viking  
  106  9:20  Viking  
  106  9:22  Liberator  
  110  9:26  SCV x2  
  110  9:29  Barracks Tech Lab, Barracks Reactor  
  105  9:31  Marine  
  105  9:32  Marauder  
  105  9:34  Medivac  
  110  9:42  Refinery  
  110  9:43  Refinery  
  113  9:46  Marine, Liberator  
  113  9:47  Marauder  
  113  9:48  Liberator  
  113  9:49  Marine  
  113  9:52  Terran Infantry Weapons Level 1  
  117  9:54  Marauder, Marine  
  117  9:59  Supply Depot  
  120  10:00  Supply Depot  
  120  10:04  Marine  
  120  10:07  Marine x2, Liberator x2  
  126  10:10  Marine  
  126  10:11  Marauder  
  131  10:16  Marine, Supply Depot x2  
  132  10:23  Marine  
  132  10:27  Marine  
  132  10:28  Marauder  
  141  10:32  Liberator  
  141  10:33  Marine  
  141  10:34  Marauder  
  144  10:35  Marine  
  144  10:36  Marauder  
  144  10:41  Marine, Supply Depot  
  148  10:45  Marine  
  148  10:47  Terran Ship Weapons Level 1  
  148  10:49  Marine  
  153  10:51  Marine  
  153  10:55  Marauder  
  155  10:57  Marauder, Marine  
  155  10:58  Missile Turret  
  155  10:59  Marine  
  155  11:03  Marine  
  160  11:07  Marauder  
  160  11:09  Marine  
  162  11:15  Marine, Supply Depot  
  162  11:16  Marauder, Supply Depot  
  162  11:17  Marine  
  166  11:19  Marauder  
  166  11:27  Marine  
  166  11:28  Marauder  
  166  11:29  Marine  
  166  11:36  Marine  
  166  11:38  Marauder  
  162  11:40  Marauder  
  162  11:41  Liberator x2  
  162  11:46  Marine, Viking  
  154  11:50  Marauder  
  141  11:57  Marine  
  141  11:59  Marauder, Marine  
  128  12:02  Marine x2  
  128  12:03  Liberator  
  117  12:09  Marine  
  117  12:11  Marauder, Liberator  
  126  12:31  Marine  
  126  12:33  Orbital Command  
  128  12:40  Terran Infantry Weapons Level 2  
  128  12:42  Marine  
  127  12:46  Marine  
  127  12:50  Medivac  
  130  12:53  Medivac  
  130  12:56  Marine  
  130  12:57  Marine  
  133  13:03  Marauder, Marine  
  133  13:05  Marine  
  137  13:07  Marine x2  
  136  13:17  Marine  
  136  13:19  Marine  
  135  13:21  Marine  
  135  13:23  Marine  
  135  13:25  Marauder  
  135  13:26  Marauder  
  129  13:27  Marine  
  129  13:33  Viking  
  129  13:37  Marine x2  
  129  13:38  Marine  
  130  13:45  Marauder, Marine  
  130  13:46  Marauder  
  130  13:47  Marine  
  131  13:54  Marine  
  131  13:55  Marine  
  110  13:56  Marine  
  99  14:03  Marine  
  99  14:05  Marauder  
  99  14:06  Marine  
  99  14:07  Marine  
  100  14:14  Marine x2  
  93  14:17  Medivac  
  93  14:23  Medivac  
  79  14:25  Marauder  
  79  14:26  Marine  
  79  14:27  Marine  
  79  14:29  Marine  
  83  14:33  Marine  
  83  14:36  Marine  
  85  14:39  Marine  
  85  14:43  Marine  
  85  14:45  Marine  
  87  14:46  Marauder  
Show
View Real Time Build Order
Export as new Build Order

Neeb Protoss - Winner!

Build Orders: 1 Gate Expand, Oracle Opening, Phoenix Opening 

Get SALT Encoding   

  12  0:00  Probe  
  13  0:13  Probe  
  14  0:18  Pylon  
  14  0:25  Probe (Chrono Boost)  
  15  0:37  Probe (Chrono Boost)  
  15  0:41  Gateway  
  16  0:46  Probe (Chrono Boost)  
  16  0:49  Assimilator  
  17  0:51  Probe  
  18  1:03  Probe  
  19  1:15  Probe  
  20  1:25  Nexus  
  20  1:35  Cybernetics Core  
  20  1:38  Probe  
  21  1:44  Assimilator  
  21  1:50  Probe  
  21  1:53  Pylon  
  22  2:02  Probe  
  23  2:10  Adept (Chrono Boost)  
  23  2:14  Probe  
  26  2:26  Probe  
  26  2:27  Stargate  
  26  2:28  Adept  
  27  2:36  Warp Gate  
  29  2:38  Probe  
  29  2:39  Probe  
  31  2:50  Probe  
  31  2:51  Probe  
  33  2:56  Adept  
  35  3:03  Probe x2  
  37  3:07  Shield Battery  
  37  3:08  Pylon  
  37  3:10  Oracle (Chrono Boost)  
  37  3:16  Probe  
  37  3:18  Probe  
  42  3:24  Pylon  
  42  3:28  Probe  
  42  3:30  Probe  
  44  3:37  Phoenix (Chrono Boost)  
  44  3:40  Probe  
  47  3:42  Probe  
  48  3:52  Probe, Pylon  
  48  3:54  Probe  
  52  4:04  Probe  
  52  4:06  Forge, Probe  
  54  4:10  Oracle  
  54  4:15  Pylon  
  54  4:16  Probe, Pylon  
  56  4:18  Probe  
  57  4:28  Probe  
  57  4:30  Probe  
  59  4:40  Probe  
  59  4:42  Probe  
  59  4:45  Protoss Ground Armor Level 1 (Chrono Boost)  
  61  4:47  Phoenix (Chrono Boost)  
  59  5:00  Assimilator  
  59  5:02  Nexus  
  59  5:03  Probe x2, Assimilator  
  59  5:13  Phoenix (Chrono Boost)  
  61  5:15  Probe x2  
  63  5:27  Probe x2 (Chrono Boost)  
  65  5:36  Robotics Facility  
  65  5:39  Probe x2 (Chrono Boost), Sentry, Twilight Council  
  69  5:43  Gateway  
  69  5:44  Gateway  
  69  5:47  Probe x2 (Chrono Boost)  
  69  5:49  Pylon  
  71  5:53  Probe x2  
  71  5:54  Assimilator  
  71  5:55  Pylon  
  73  5:58  Assimilator  
  73  6:05  Blink, Probe  
  73  6:06  Probe  
  73  6:07  Sentry  
  77  6:12  Gateway  
  77  6:17  Probe x2  
  77  6:18  Probe  
  80  6:25  Immortal (Chrono Boost)  
  80  6:29  Probe  
  80  6:30  Protoss Ground Weapons Level 1 (Chrono Boost), Probe  
  80  6:31  Probe, Pylon  
  87  6:40  Robotics Bay  
  87  6:41  Probe  
  87  6:42  Probe  
  87  6:43  Probe, Shield Battery  
  87  6:45  Stalker  
  92  6:48  Stalker  
  92  6:52  Pylon  
  92  6:54  Probe x2  
  96  6:57  Observer  
  96  6:59  Shield Battery  
  96  7:00  Pylon  
  97  7:06  Gateway  
  97  7:07  Gateway  
  97  7:10  Stalker x2  
  97  7:12  Pylon  
  101  7:22  Observer (Chrono Boost)  
  102  7:26  Extended Thermal Lance  
  102  7:31  Stalker x2  
  106  7:39  Colossus (Chrono Boost)  
  106  7:43  Forge, Gateway  
  112  7:45  Stalker x2  
  112  7:47  Gateway  
  112  7:51  Pylon  
  116  8:02  Stalker x2  
  120  8:11  Probe  
  120  8:12  Nexus  
  117  8:13  Probe  
  117  8:17  Stalker x3, Colossus (Chrono Boost)  
  122  8:20  Probe  
  122  8:26  Stalker x3  
  129  8:30  Probe  
  128  8:36  Probe  
  128  8:37  Pylon  
  128  8:39  Protoss Ground Armor Level 2 (Chrono Boost)  
  127  8:41  Probe  
  127  8:44  Stalker x2  
  127  8:47  Charge (Chrono Boost)  
  130  8:51  Protoss Ground Weapons Level 2 (Chrono Boost)  
  130  8:53  Sentry x3  
  134  8:56  Warp Prism (Chrono Boost)  
  134  8:57  Probe x2, Pylon  
  134  8:58  Probe  
  139  9:11  Shield Battery  
  139  9:13  Gateway  
  139  9:14  Shield Battery  
  139  9:15  Gateway  
  139  9:23  Zealot x4  
  147  9:28  Shield Battery  
  147  9:30  Shield Battery  
  147  9:31  Colossus (Chrono Boost)  
  147  9:37  Assimilator  
  153  9:38  Assimilator  
  153  9:48  Templar Archives  
  153  9:51  Stalker x3  
  159  9:58  Gateway  
  159  10:01  Gateway  
  159  10:06  Nexus  
  159  10:09  Pylon  
  159  10:15  Zealot x4  
  167  10:22  Colossus  
  167  10:23  Psionic Storm  
  173  10:35  High Templar x3  
  175  10:36  High Templar x2  
  175  10:40  Photon Cannon  
  183  10:43  Protoss Ground Armor Level 3 (Chrono Boost), Gateway  
  183  10:47  Gateway  
  183  10:52  Protoss Ground Weapons Level 3 (Chrono Boost)  
  183  10:56  Gravitic Drive, Assimilator  
  183  11:02  Assimilator  
  183  11:04  Shield Battery  
  182  11:12  High Templar  
  182  11:13  High Templar  
  182  11:15  Pylon  
  186  11:25  Zealot x7  
  200  11:30  Warp Prism (Chrono Boost)  
  200  11:36  Robotics Facility x2  
  183  11:49  Stalker x5  
  158  11:54  Stalker x3  
  158  11:58  Stalker x2  
  148  12:05  Warp Prism (Chrono Boost)  
  146  12:23  Nexus  
  146  12:25  Zealot x3  
  146  12:27  High Templar x4  
  146  12:29  High Templar x4  
  162  12:33  Archon x2  
  162  12:36  Archon x2  
  162  12:44  Pylon  
  162  12:46  High Templar  
  162  12:47  High Templar  
  166  12:53  Pylon  
  166  13:00  Dark Shrine  
  164  13:08  Protoss Shields Level 1 (Chrono Boost)  
  164  13:19  Zealot x8  
  167  13:31  High Templar x4  
  167  13:32  High Templar x2  
  179  13:36  Probe  
  179  13:37  Probe x2  
  179  13:38  Probe  
  179  13:39  Archon x2  
  179  13:40  Stalker  
  177  13:48  Stalker x4  
  177  13:50  Probe x2  
  177  13:54  Probe  
  173  14:01  Stalker x2  
  165  14:07  Probe x2  
  165  14:09  Stalker x4  
  173  14:13  Probe  
  173  14:14  Stalker  
  170  14:23  Stalker x5  
  162  14:24  Probe x2  
  162  14:25  Probe  
  162  14:29  Stalker  
  162  14:31  Probe x2  
  163  14:37  Zealot  
  165  14:40  High Templar  
  165  14:41  High Templar x3  
  165  14:45  Assimilator  
  173  14:48  Archon  
  173  14:56  Stalker x6  
Tags
 
Add a new tag
Caveats
  • Supply blocks, unpowered buildings, or Contaminate may cause inaccurate times.
  • Supply counts are checked every 10 seconds.